 Dungeon Crawl Stone Soup version 0.31-a0-196-g86fe4a5e66 (webtiles) character file.

Game seed: 2853794962118411475

91 innerfire43 the Trooper (level 4, -1/55 HPs)
             Began as a Demonspawn Monk on June 24, 2023.
             Was a Priest of Wu Jian.
             Frozen to death by an endoplasm (5 damage)
             ... on level 3 of the Dungeon.
             The game lasted 00:02:27 (1782 turns).

innerfire43 the Trooper (Demonspawn Monk)           Turns: 1782, Time: 00:02:27

Health: -1/55      AC: 18    Str: 13    XL:     4   Next: 33%
Magic:  4/4        EV:  2    Int: 13    God:    Wu Jian [***...]
Gold:   163        SH:  0    Dex: 16    Spells: 3/3 levels left

rFire   . . .        a - +1 hand axe
rCold   . . .        d - orb {light}
rNeg    . . .        n - melded +2 ring mail of Yrovur {rF+ Int+3}
rPois   +            (helmet currently unavailable)
rElec   .            (cloak currently unavailable)
rCorr   .            (gloves currently unavailable)
SInv    .            (boots currently unavailable)
Will    +....        (no amulet)
Stlth   +            (no ring)
HPRegen 0.29/turn    (no ring)
MPRegen 0.09/turn

%: no passive effects
@: tree-form, corroded, enlightened, glowing
A: stationary, stasis, torment immunity, boosted hp, ignite blood 1, big brain 1
a: Renounce Religion, Wall Jump, Serpent's Lash


You were on level 3 of the Dungeon.
You worshipped Wu Jian.
Wu Jian was most pleased with you.
You were a tree.
You visited 1 branch of the dungeon, and saw 3 of its levels.

You collected 163 gold pieces.

Inventory:

Hand Weapons
 a - a +1 hand axe (weapon)
Missiles
 k - a throwing net
Armour
 b - a +0 robe
 c - a +0 chain mail
 d - an orb of light (worn)
 n - the +2 ring mail of Yrovur (melded) {rF+ Int+3}
   (You found it on level 2 of the Dungeon)

   Int:       It affects your intelligence (+3).
   rF:        It protects you from fire.
Wands
 o - a wand of iceblast (10)
Scrolls
 e - 2 scrolls of teleportation
 m - 2 scrolls of silence
 p - a scroll of enchant armour {unknown}
Potions
 g - a potion of enlightenment
 h - a potion of might
 i - 2 potions of invisibility {unknown}
 j - 2 potions of heal wounds {unknown}
 l - a potion of berserk rage {unknown}
 q - a potion of mutation {unknown}


   Skills:
 + Level 3.9 Fighting
 + Level 3.4 Axes
 + Level 3.4 Dodging


You had 3 spell levels left.
You didn't know any spells.
Your spell library contained the following spells:

 Spells                   Type           Power      Damage    Failure   Level
 Scorch                   Fire           0%         2d5       43%         2
 Dazzling Flash           Conj/Hex       0%         N/A       67%         3
 Volatile Blastmotes      Fire/Tloc      0%         2d10      67%         3
 Flame Wave               Conj/Fire      0%         2d4       97%         4
 Iskenderun's Mystic Bla  Conj/Tloc      0%         2d3       97%         4
 Starburst                Conj/Fire      0%         6d3       100%        6
 Summon Cactus Giant      Summ           0%         N/A       100%        6


Dungeon Overview and Level Annotations

Branches:
Dungeon (3/15)

Altars:
Wu Jian


Innate Abilities, Weirdness & Mutations

You are a tree.
Your roots penetrate the ground, keeping you stationary.
You cannot be teleported.
You are immune to unholy pain and torment.
Your maximum health is greatly increased.
Your equipment is partially melded.
Your demonic aura sometimes causes spilled blood to erupt in flames.
You have an unusually large brain. (Int +2)


Message History

A jelly is nearby!
A hobgoblin comes into view.
The hobgoblin shouts!
There are monsters nearby!
You hit the jelly. The acid corrodes you!
Your hands burn!
The jelly is moderately wounded.
The jelly closely misses you.
The endoplasm jiggles.
You hit the jelly but do no damage.
Your hands burn!
The jelly is moderately wounded.
The jelly hits you but does no damage. The endoplasm hits you.
The jelly closely misses you.
You slash the jelly!
Your hands burn!
The jelly is almost dead.
You hit the endoplasm but do no damage.
The endoplasm hits you but does no damage.
The jelly misses you.
You hit the jelly but do no damage.
Your hands burn!
The jelly is almost dead.
You hit the endoplasm but do no damage. The endoplasm hits you.
The jelly barely misses you.
You hit the jelly.
Your hands burn!
The jelly is almost dead.
You hit the endoplasm but do no damage. The jelly hits you.
You are splashed with acid!
* * * LOW HITPOINT WARNING * * *
The endoplasm freezes you.
You are frozen.
* * * LOW HITPOINT WARNING * * *
It was a potion of enlightenment.
You feel very buoyant.
You fly up into the air.
The endoplasm hits you.
* * * LOW HITPOINT WARNING * * *
The jelly hits you but does no damage.
It was a potion of lignification.
You turn into a tree.
The +2 ring mail of Yrovur {rF+ Int+3} melds into your body.
Your roots penetrate the ground.
The endoplasm freezes you.
You are frozen.
You die...

.# ... #. . .# ... .#.
.# .... # ... ...<...
#.##.##.#... .... ...
#.##.##..# ##..♣J...#
#############...#J####
#.......#....###.g#
#.......#.#.## ....#
## #.#####.#.#.#
....... ##.
........†...# ....#.#
##.. #.#####.#.#..#
.#### # ##...
#[......#.#.#...## .#
#.... #.......#.... .#
##.## #...


You could see a jelly, an endoplasm and a hobgoblin.

Vanquished Creatures
  Terence (D:2)
  A worm (D:3)
  A dart slug (D:1)
  6 ball pythons
  5 endoplasms
  3 giant cockroaches
  3 goblins
  7 hobgoblins
  8 kobolds
  3 quokkas
  8 bats
  9 frilled lizards
  2 rats (D:1)
57 creatures vanquished.

Notes
Turn   | Place    | Note
-------+----------+-------------------------------------------
     0 | D:1      | innerfire43 the Demonspawn Monk began the quest for the
                  | Orb.
     0 | D:1      | Reached XP level 1. HP: 18/18 MP: 1/1
   131 | D:1      | Gained mutation: You have an unusually large brain. (Int
                  | +2) [demonic ancestry]
   131 | D:1      | Reached XP level 2. HP: 24/24 MP: 2/2
   320 | D:1      | Found a faded altar of an unknown god.
   357 | D:1      | Prayed at the altar of an unknown god.
   357 | D:1      | Became a worshipper of the Wu Jian Council
   357 | D:1      | Reached * piety under Wu Jian
   357 | D:1      | Reached ** piety under Wu Jian
   570 | D:1      | Gained mutation: Your demonic aura sometimes causes spilled
                  | blood to erupt in flames. [demonic ancestry]
   570 | D:1      | Reached XP level 3. HP: 25/29 MP: 3/3
   777 | D:2      | Noticed Terence
   801 | D:2      | Killed Terence
  1033 | D:2      | Reached *** piety under Wu Jian
  1034 | D:2      | Reached XP level 4. HP: 37/37 MP: 4/4
  1263 | D:2      | Identified the +2 ring mail of Yrovur {rF+ Int+3}
  1782 | D:3      | Frozen to death by an endoplasm

Illustrated notes

Levels and vault maps discovered:
D:1:      evilmike_arrival_plus, layout_rooms, serial_glass, glass_columns_b,
          glass_columns_a, basic_ecumenical_altar, grunt_decor_clamped
D:2:      layout_basic, kennysheep_generic_room_3, uniq_terence
D:3:      layout_loops_cross

Skill      XL: |  1  2 |
---------------+-------+-----
Axes           | 3 |  3.4
Dodging        | 3 |  3.4
Fighting       | |  3.9

Action                     |  1- 3 |  4- 6 || total
---------------------------+-------+-------++-------
  Melee: Hand axe          |    93 |    47 ||   140
Ability: Lunge             |     4 |     6 ||    10
    Use: Potion            |     2 |     2 ||     4
         Scroll            |     2 |     1 ||     3
 Armour: Robe              |    13 |       ||    13
         Chain mail        |     5 |    14 ||    19
         Ring mail         |       |    10 ||    10
  Dodge: Dodged            |    70 |    16 ||    86

Table legend: (Time is in decaauts)
 A = Elapsed time spent in this place.
 B = Non-inter-level travel time spent in this place.
 C = Inter-level travel time spent in this place.
 D = Time resting spent in this place.
 E = Time spent auto-exploring this place.
 F = Levels seen in this place.
 G = Mean time per level.
                   A        B        C        D        E       F      G
               +--------+--------+--------+--------+--------+-----+--------+
         Total |   1800 |   1692 |    108 |      0 |   1338 |   3 |  600.0 |
       Dungeon |   1800 |   1692 |    108 |      0 |   1338 |   3 |  600.0 |
               +--------+--------+--------+--------+--------+-----+--------+

Top non-repeatable levels by time:
     D:1: 747 daAuts
     D:2: 682 daAuts
     D:3: 371 daAuts
